 Dungeon Crawl Stone Soup version 0.29-a0-275-g389c0b56f3 (webtiles) character file.

Game seed: 2526479073397574266

398 pcat the Conjurer (level 6, -3/36 HPs)
             Began as a Deep Elf Conjurer on Mar 12, 2022.
             Was a Follower of Vehumet.
             Slain by Blork the orc
             ... wielding a +1 war axe of pain
              (14 damage)
             ... on level 4 of the Dungeon.
             The game lasted 00:08:50 (5297 turns).

pcat the Conjurer (Deep Elf Conjurer)               Turns: 5297, Time: 00:08:51

Health: -3/36      AC:  5    Str:  7    XL:     6   Next: 53%
Magic:  16/16      EV: 12    Int: 25    God:    Vehumet [*.....]
Gold:   141        SH:  0    Dex: 13    Spells: 11/16 levels left

rFire   . . .      SeeInvis +   j - +0 dagger
rCold   . . .      Faith    .   (no shield)
rNeg    . . .      Spirit   .   a - +0 robe
rPois   .          Reflect  .   r - +1 hat of Broken Taboos {Str+3 SInv}
rElec   .          Harm     .   (no cloak)
rCorr   .          Rampage  .   c - +1 pair of gloves {hurl}
Will    .....                   (no boots)
Stlth   ++........              (no amulet)
HPRegen 0.12/turn               s - ring of flight
MPRegen 0.15/turn               (no ring)

@: flying, very slightly contaminated
A: no striking features
a: Renounce Religion


You were on level 4 of the Dungeon.
You worshipped Vehumet.
Vehumet was aware of your devotion.
You visited 1 branch of the dungeon, and saw 4 of its levels.
You also visited: Sewer.

You collected 141 gold pieces.

Inventory:

Hand Weapons
 j - a +0 dagger (weapon)
Missiles
 k - 11 poisoned darts
 z - a stone
 A - 2 curare-tipped darts
 D - 4 javelins
Armour
 a - a +0 robe (worn)
 c - a +1 pair of gloves of hurling (worn)
 r - the +1 hat of Broken Taboos (worn) {Str+3 SInv}
   (You found it on level 3 of the Dungeon)

   Str:       It affects your strength (+3).
   SInv:      It lets you see invisible.
Magical Staves
 C - a staff of air
Jewellery
 i - a ring of fire
 s - a ring of flight (left hand)
Wands
 t - a wand of iceblast (18)
 w - a wand of charming (6)
 y - a wand of mindburst (7)
Scrolls
 e - 3 scrolls of magic mapping {unknown}
 g - 2 scrolls of fear {unknown}
 l - a scroll of enchant armour {unknown}
 m - 2 scrolls of teleportation {unknown}
 o - a scroll of blinking {unknown}
 p - a scroll of holy word {unknown}
 q - a scroll of identify {unknown}
 u - a scroll of amnesia {unknown}
Potions
 d - 3 potions of curing {unknown}
 f - a potion of might {unknown}
 h - a potion of cancellation {unknown}
 n - a potion of degeneration {unknown}
 v - a potion of haste {unknown}
 x - a potion of berserk rage
 B - a potion of flight {unknown}


   Skills:
 + Level 2.7 Fighting
 - Level 2.4 Dodging
 - Level 2.4 Stealth
 + Level 5.5 Spellcasting
 + Level 5.9 Conjurations
 + Level 2.5 Translocations


You had 11 spell levels left.
You knew the following spells:

 Your Spells              Type           Power      Damage    Failure   Level
a - Magic Dart            Conj           100%       1d8       1%          1
b - Iskenderun's Mystic   Conj/Tloc      28%        2d7       14%         4

Your spell library contained the following spells:

 Spells                   Type           Power      Damage    Failure   Level
 Freeze                   Ice            24%        1d5       8%          1
 Searing Ray              Conj           72%        2d7       1%          2
 Dazzling Flash           Conj/Hex       42%        N/A       7%          3
 Gell's Gravitas          Tloc           19%        N/A       9%          3
 Lesser Beckoning         Tloc           19%        N/A       9%          3
 Teleport Other           Tloc           19%        N/A       9%          3
 Portal Projectile        Hex/Tloc       26%        N/A       14%         3
 Fulminant Prism          Conj/Hex       10%        3d9       22%         4
 Call Canine Familiar     Summ           6%         N/A       24%         3
 Leda's Liquefaction      Hex/Erth       3%         N/A       61%         4


Dungeon Overview and Level Annotations

Branches:
Dungeon (4/15)              Sewer (visited)
 Temple: D:4-7

Altars:
Cheibriados
Nemelex Xobeh
Qazlal
Trog
Uskayaw
Vehumet

Annotations:
D:2 1 runed translucent door, Crazy Yiuf
D:4 Blork the orc


Message History

You erupt in a blast of force!
The mystic blast hits Blork the orc!
Blork the orc is moderately wounded.
Blork the orc is knocked back by the mystic blast.
Blork the orc slams into the rock wall!
Blork the orc is heavily wounded.
The mystic blast hits the ball python.
You kill the ball python!
Vehumet accepts your kill.
Casting: Iskenderun's Mystic Blast (quite dangerous; 14% risk of failure)
Confirm with . or Enter, or press ? or * to list all spells.
You don't have enough magic to cast this spell.
Blork the orc is nearby!
Casting: Iskenderun's Mystic Blast (quite dangerous; 14% risk of failure)
Confirm with . or Enter, or press ? or * to list all spells.
Aiming: Magic Dart (safe; 1% risk of failure)
Press: ? - help, Shift-Dir - straight line, f/p - Blork the orc
Aim: Blork the orc, wielding a +1 war axe of pain and wearing a +0 robe (heavily wounded, 100% to hit)
The magic dart hits Blork the orc.
Blork the orc is heavily wounded.
Blork the orc completely misses you.
Casting: Magic Dart (safe; 1% risk of failure)
Confirm with . or Enter, or press ? or * to list all spells.
Aiming: Magic Dart (safe; 1% risk of failure)
Press: ? - help, Shift-Dir - straight line, f/p - Blork the orc
Aim: Blork the orc, wielding a +1 war axe of pain and wearing a +0 robe (heavily wounded, 100% to hit)
The magic dart hits Blork the orc.
Blork the orc is severely wounded.
Blork the orc barely misses you.
Casting: Magic Dart (safe; 1% risk of failure)
Confirm with . or Enter, or press ? or * to list all spells.
Aiming: Magic Dart (safe; 1% risk of failure)
Press: ? - help, Shift-Dir - straight line, f/p - Blork the orc
Aim: Blork the orc, wielding a +1 war axe of pain and wearing a +0 robe (severely wounded, 100% to hit)
The magic dart hits Blork the orc.
Blork the orc is severely wounded.
Blork the orc casts a spell at you. The puff of frost hits you!
Magic courses through your body.
Blork the orc hits you with a +1 war axe of pain!
You die...

......#.#..≈#.#
........#≈.≈..##
........≈..≈...###
...........≈.....#
........≈.≈≈.....#
..........≈≈.....#
..#........≈.....#
.##.....#.#......#
.. .....#.......@#
.. ....$......o†.#
......##..##
...... ...#
.........# ..
.....# ......#
#.....##


You could see Blork the orc.

Vanquished Creatures
  A water moccasin (Sewer)
  A jelly (D:4)
  An orc priest (D:4)
  An orc wizard (D:3)
  4 gnolls
  A river rat (D:4)
  5 adders
  2 worms
  A dart slug (D:2)
  8 orcs
  4 ball pythons
  7 endoplasms
  7 giant cockroaches
  8 hobgoblins
  3 jackals (D:2)
  8 quokkas
  10 bats
  3 frilled lizards
  10 goblins
  7 kobolds
  6 rats
98 creatures vanquished.

Notes
Turn   | Place    | Note
-------+----------+-------------------------------------------
     0 | D:1      | pcat the Deep Elf Conjurer began the quest for the Orb.
     0 | D:1      | Reached XP level 1. HP: 10/10 MP: 6/6
   626 | D:1      | Reached XP level 2. HP: 16/16 MP: 0/8
   895 | D:1      | Reached skill level 1 in Fighting
  1403 | D:2      | Reached XP level 3. HP: 20/20 MP: 7/10
  1720 | D:2      | Reached skill level 5 in Conjurations
  2156 | D:2      | Found a runed translucent door.
  2157 | D:2      | Noticed Crazy Yiuf
  2267 | D:2      | Reached XP level 4. HP: 25/25 MP: 8/12
  2328 | D:2      | Learned a level 4 spell: Iskenderun's Mystic Blast
  2691 | D:3      | Found a hide-covered altar of Uskayaw.
  2694 | D:3      | Found a sparkling altar of Nemelex Xobeh.
  2700 | D:3      | Found a radiant altar of Vehumet.
  2703 | D:3      | Found a snail-covered altar of Cheibriados.
  2705 | D:3      | Became a worshipper of Vehumet
  2707 | D:3      | Found a stormy altar of Qazlal.
  2711 | D:3      | Found a bloodstained altar of Trog.
  3244 | D:3      | Identified the +1 hat of Broken Taboos {Str+3 SInv}
  3256 | D:3      | Reached XP level 5. HP: 23/30 MP: 9/13
  3435 | D:3      | Reached skill level 1 in Translocations
  4291 | D:4      | Reached * piety under Vehumet
  4291 | D:4      | Offered knowledge of Freeze by Vehumet.
  4301 | D:4      | Reached skill level 5 in Spellcasting
  4705 | D:4      | Found a glowing drain.
  4784 | Sewer    | Entered a sewer
  4950 | Sewer    | Noticed a water moccasin
  4964 | Sewer    | Killed a water moccasin
  4965 | Sewer    | Reached XP level 6. HP: 31/36 MP: 1/16
  5286 | D:4      | Noticed Blork the orc
  5297 | D:4      | Slain by Blork the orc

Illustrated notes

Levels and vault maps discovered:
D:1:      shiori_arrival_oz, layout_basic
D:2:      layout_basic, minmay_quadrilaterals, uniq_crazy_yiuf_cottage
D:3:      layout_loops_ring, nicolae_overflow_hallway_of_the_gods,
          serial_rivers, chequers_serial_rivers_small_a,
          chequers_serial_rivers_micro_c, chequers_serial_rivers_micro_a,
          chequers_serial_rivers_micro_c
D:4:      layout_cave_pools, gup_sewer_entry_bubbles,
          chequers_serial_rivers_micro_e, uniq_blork_the_orc

Skill      XL: |  1  2  3  4  5 |
---------------+----------------+-----
Fighting       | 1 2 |  2.7
Spellcasting   | 4 5 |  5.5
Conjurations   | 5 |  5.9
Translocations | 2 |  2.5
Dodging        | |  2.4
Stealth        | |  2.4

Action                   |  1- 3 |  4- 6 || total
-------------------------+-------+-------++-------
Melee: Club              |     4 |       ||     4
       Dagger            |       |    25 ||    25
 Cast: Magic Dart        |    80 |   116 ||   196
       Iskenderun's Myst |       |     9 ||     9
  Use: Potion            |       |     1 ||     1
Armor: Robe              |     2 |    19 ||    21
Dodge: Dodged            |     7 |    38 ||    45

Table legend: (Time is in decaauts)
 A = Elapsed time spent in this place.
 B = Non-inter-level travel time spent in this place.
 C = Inter-level travel time spent in this place.
 D = Time resting spent in this place.
 E = Time spent auto-exploring this place.
 F = Levels seen in this place.
 G = Mean time per level.
                   A        B        C        D        E       F      G
               +--------+--------+--------+--------+--------+-----+--------+
         Total |   5298 |   5186 |    112 |   1510 |   2935 |   5 | 1059.6 |
       Dungeon |   4966 |   4854 |    112 |   1291 |   2935 |   4 | 1241.5 |
         Sewer |    331 |    331 |      0 |    219 |      0 |   1 |  331.0 |
               +--------+--------+--------+--------+--------+-----+--------+

Top non-repeatable levels by time:
     D:2: 1616 daAuts
     D:3: 1415 daAuts
     D:1: 1357 daAuts
     D:4: 577 daAuts
   Sewer: 331 daAuts
